 Dungeon Crawl Stone Soup version 0.23.1 (webtiles) character file.

Game seed: 5118776771946606904

158 Marnok the Slasher (level 4, -3/38 HPs)
             Began as a Demigod Fighter on Mar 5, 2019.
             Slain by a sky beast (7 damage)
             ... on level 3 of the Dungeon.
             The game lasted 00:06:50 (1004 turns).

Marnok the Slasher (Demigod Fighter)                Turns: 1004, Time: 00:06:50

Health: -3/38      AC:  8    Str: 25 (26) XL:     4   Next: 94%
Magic:  6/6        EV:  8    Int:  9 (12) God:
Gold:   79         SH: 10    Dex: 13 (15) Spells: 3/3 levels left

rFire    . . .     SeeInvis .   a - +1 long sword
rCold    . . .     Gourm    .   c - +0 shield
rNeg     . . .     Faith    .   b - +0 scale mail
rPois    .         Spirit   .   (helmet restricted)
rElec    .         Reflect  .   (no cloak)
rCorr    .         Harm     +   n - +0 pair of gloves
MR       .....                  (no boots)
Stlth    ..........             e - amulet of harm
HPRegen  0.12/turn              (no ring)
MPRegen  0.10/turn              (no ring)

@: mighty
A: horns 1, high mp 1, wild magic 1
a: no special abilities


You were on level 3 of the Dungeon.
You were hungry.

You visited 1 branch of the dungeon, and saw 3 of its levels.

You collected 79 gold pieces.

Inventory:

Hand Weapons
 a - a +1 long sword (weapon)
Armour
 b - a +0 scale mail (worn)
 c - a +0 shield (worn)
 n - a +0 pair of gloves (worn)
Jewellery
 e - an amulet of harm (around neck)
Scrolls
 d - 2 scrolls of fog
 h - a scroll of amnesia
Potions
 m - a potion of degeneration
Comestibles
 f - 6 rations
 g - 3 chunks of flesh


   Skills:
 + Level 3.3 Fighting
 + Level 3.4 Long Blades
 + Level 3.2 Armour
 + Level 1.0 Dodging
 + Level 3.2 Shields


You had 3 spell levels left.
You didn't know any spells.
Your spell library was empty.

Dungeon Overview and Level Annotations

Branches:
Dungeon (3/15)


Innate Abilities, Weirdness & Mutations

You have an increased reservoir of magic. (+10% MP)
You have a pair of small horns on your head.
Your spells are a little harder to cast, but a little more powerful.


Message History

You headbutt the orc priest!
You kill the orc priest!
Something hits you but does no damage.
You barely miss something. Something hits you. Something shocks you.
You miss something. You headbutt something. Something hits you.
Something shocks you.
* * * LOW HITPOINT WARNING * * *
Something hits you but does no damage.
You feel better. Something hits you. Something shocks you.
* * * LOW HITPOINT WARNING * * *
It was a potion of degeneration.
There was something very wrong with that liquid.
You feel weakened.
You feel dopey.
You feel clumsy. Something hits you but does no damage.
You feel very mighty all of a sudden. You block something's attack.
You slash something! You headbutt something!! Something hits you.
* * * LOW HITPOINT WARNING * * *
Something shocks you.
You die...

###.. .... .#
.##...#. .......
##...o. .....#
#..######.#
..####.oo)@....#
........########
## ..####..# ..
#..# ##.# #..#
..#.########..#
#.............#
#....########.#
......#######.#


You could see 2 orcs.

Vanquished Creatures
  A centaur zombie (D:3)
  An orc priest (D:3)
  5 adders
  2 worms (D:2)
  6 orcs (D:3)
  A ball python (D:2)
  3 giant cockroaches
  2 goblins (D:1)
  3 hobgoblins
  5 kobolds (D:2)
  A quokka (D:3)
  7 bats
  5 frilled lizards
  5 rats
47 creatures vanquished.

Notes
Turn   | Place    | Note
-------+----------+-------------------------------------------
     0 | D:1      | Marnok the Demigod Fighter began the quest for the Orb.
     0 | D:1      | Reached XP level 1. HP: 18/18 MP: 3/3
   222 | D:1      | Reached XP level 2. HP: 23/25 MP: 4/4
   314 | D:2      | Gained mutation: You have a pair of small horns on your
                  | head. [potion of mutation]
   314 | D:2      | Gained mutation: Your spells are a little harder to cast,
                  | but a little more powerful. [potion of mutation]
   318 | D:2      | Reached XP level 3. HP: 7/31 MP: 5/5
   911 | D:3      | Reached XP level 4. HP: 33/38 MP: 6/6
   992 | D:3      | Reached skill level 1 in Dodging
   993 | D:3      | Noticed a sky beast
  1004 | D:3      | Slain by a sky beast

Skill      XL: |  1  2  3  4 |
---------------+-------------+-----
Long Blades    | 2 3 |  3.4
Armour         | 3 |  3.2
Fighting       | 3 |  3.3
Shields        | 3 |  3.2
Dodging        | 1 |  1.0

Action                   |  1- 3 |  4- 6 || total
-------------------------+-------+-------++-------
Melee: Long sword        |    82 |    32 ||   114
       Headbutt          |    13 |    10 ||    23
  Use: Potion            |     3 |     3 ||     6
       Scroll            |     5 |       ||     5
Armor: Scale mail        |    44 |    15 ||    59
Dodge: Dodged            |    44 |     4 ||    48
Block: Shield            |    57 |    12 ||    69
       Rpst.: Long sword |    15 |     1 ||    16
